General information
- name: BNet
- type: Ladder team game (AT/RT)
- host: Battle.net
- saver: WestDidntReset
map: Mur'gulOasis
- players: 8
- length: 12:45
- speed: Fast
- version: 1.26 W3XP
- replay type: Public
» download(107 KB)
Players
team 1 (winner)

»
hopstarutility (
yellow | 152 APM | 1939 actions | 12:45)
4 Blademaster
2 Wind Walk
2 Critical Strike
2 Shadow Hunter
1 Hex
1 Healing Wave
» actions
| Assign group hotkey | 16 | |
| Basic commands | 62 | |
| Build / train | 55 | |
| Enter build submenu | 17 | |
| Enter hero's abilities submenu | 6 | |
| Give item / drop item | 3 | |
| Right click | 985 | |
| Select / deselect | 309 | |
| Select group hotkey | 424 | |
| Use ability | 62 | |
1939 total
» units
» upgrades
| Shaman Training | 2 | |
| Berserker Strength | 1 | |
3 total
» buildings
| Altar of Storms | 1 | |
| Orc Burrow | 4 | |
| Barracks | 1 | |
| Voodoo Lounge | 1 | |
| Stronghold | 2 | |
| Spirit Lodge | 2 | |
| Fortress | 2 | |
| War Mill | 1 | |
| Tauren Totem | 1 | |
15 total
» build order
00:11 Altar of Storms
00:21 Orc Burrow
00:35 Barracks
01:45 Orc Burrow
02:03 Voodoo Lounge
03:11 Stronghold
03:11 Stronghold
04:39 Orc Burrow
05:36 Spirit Lodge
06:26 Fortress
07:08 Spirit Lodge
08:33 Orc Burrow
10:45 War Mill
12:07 Tauren Totem
» items
| Healing Salve | 5 | |
| Boots of Speed | 1 | |
| Circlet of Nobility | 1 | |
| Lesser Clarity Potion | 2 | |
| Scroll of Speed | 2 | |
| Potion of Healing | 1 | |
| Scroll of Town Portal | 1 | |
13 total
li5546 (
blue | 199 APM | 2534 actions | 12:45)
4 Blademaster
2 Critical Strike
2 Wind Walk
2 Shadow Hunter
1 Hex
1 Healing Wave
» actions
| Assign group hotkey | 28 | |
| Basic commands | 121 | |
| Build / train | 111 | |
| ESC pressed | 3 | |
| Enter build submenu | 12 | |
| Enter hero's abilities submenu | 6 | |
| Give item / drop item | 3 | |
| Right click | 1159 | |
| Select / deselect | 575 | |
| Select group hotkey | 465 | |
| Use ability | 51 | |
2534 total
» units
| Peon | 20 | |
| Grunt | 7 | |
| Wind Rider | 1 | |
| Raider | 3 | |
| Kodo Beast | 4 | |
35 total
» upgrades
| Berserker Strength | 1 | |
| Envenomed Spears | 1 | |
| Reinforced Defenses | 1 | |
| Armor | 2 | |
| Ensnare | 2 | |
| Ranged Weapons | 1 | |
| Pillage | 1 | |
| War Drums Damage Increase | 1 | |
10 total
» buildings
| Altar of Storms | 1 | |
| Orc Burrow | 4 | |
| Barracks | 1 | |
| Voodoo Lounge | 1 | |
| Stronghold | 4 | |
| Fortress | 3 | |
| Beastiary | 2 | |
| War Mill | 1 | |
17 total
» build order
00:11 Altar of Storms
00:17 Orc Burrow
00:40 Barracks
01:52 Orc Burrow
02:00 Voodoo Lounge
02:48 Stronghold
02:48 Stronghold
02:48 Stronghold
03:23 Orc Burrow
06:20 Fortress
06:20 Fortress
07:05 Beastiary
07:07 Beastiary
07:53 War Mill
08:15 Orc Burrow
» items
| Healing Salve | 6 | |
| Boots of Speed | 2 | |
| Circlet of Nobility | 3 | |
| Staff of Teleportation | 3 | |
| Scroll of Speed | 1 | |
| Scroll of Town Portal | 1 | |
| Lesser Clarity Potion | 3 | |
| Orb of Lightning | 2 | |
21 total
hurricannnnes (
orange | 80 APM | 1015 actions | 12:45)
3 Blood Mage
2 Flame Strike
1 Siphon Mana
» actions
| Assign group hotkey | 101 | |
| Basic commands | 44 | |
| Build / train | 57 | |
| Enter build submenu | 22 | |
| Enter hero's abilities submenu | 3 | |
| Give item / drop item | 2 | |
| Right click | 440 | |
| Select / deselect | 100 | |
| Select group hotkey | 186 | |
| Use ability | 60 | |
1015 total
» units
| Peasant | 10 | |
| Footman | 8 | |
| Flying Machine | 9 | |
27 total
» upgrades
| Defend | 1 | |
| Masonry | 2 | |
| Swords | 1 | |
| Plating | 2 | |
| Gunpowder | 1 | |
| Lumber Harvesting | 1 | |
| Flak Cannons | 1 | |
9 total
» buildings
| Altar of Kings | 1 | |
| Farm | 7 | |
| Barracks | 2 | |
| Scout Tower | 3 | |
| Arcane Vault | 1 | |
| Arcane Tower | 3 | |
| Lumber Mill | 2 | |
| Blacksmith | 1 | |
| Keep | 1 | |
| Castle | 1 | |
| Workshop | 3 | |
| Arcane Sanctum | 1 | |
26 total
» build order
00:24 Altar of Kings
00:36 Farm
01:02 Barracks
01:11 Farm
01:42 Scout Tower
02:04 Arcane Vault
02:15 Arcane Tower
02:41 Barracks
02:44 Lumber Mill
03:28 Scout Tower
03:59 Farm
04:02 Arcane Tower
04:24 Farm
05:34 Blacksmith
05:37 Scout Tower
05:43 Lumber Mill
05:54 Farm
06:07 Farm
06:08 Arcane Tower
06:34 Keep
07:38 Farm
09:08 Castle
09:11 Workshop
09:13 Workshop
09:15 Workshop
09:55 Arcane Sanctum
» items
| Scroll of Regeneration | 4 | |
| Lesser Clarity Potion | 4 | |
| Boots of Speed | 1 | |
| Potion of Invisibility | 2 | |
| Staff of Teleportation | 1 | |
12 total
w3aponx (
purple | 23 APM | 299 actions | 12:45)
3 Far Seer
2 Feral Spirit
1 Chain Lighting
» actions
| Assign group hotkey | 24 | |
| Basic commands | 20 | |
| Build / train | 38 | |
| ESC pressed | 2 | |
| Enter build submenu | 16 | |
| Enter hero's abilities submenu | 3 | |
| Right click | 28 | |
| Select / deselect | 85 | |
| Select group hotkey | 44 | |
| Use ability | 38 | |
299 total
» units
| Peon | 10 | |
| Grunt | 7 | |
| Shaman | 2 | |
| Tauren | 1 | |
20 total
» upgrades
| Armor | 2 | |
| Melee Weapons | 2 | |
| Spiked Barricades | 1 | |
| Shaman Training | 2 | |
| Pillage | 1 | |
| Pulverize | 1 | |
9 total
» buildings
| Orc Burrow | 7 | |
| Altar of Storms | 1 | |
| Barracks | 1 | |
| War Mill | 1 | |
| Stronghold | 1 | |
| Voodoo Lounge | 1 | |
| Watch Tower | 2 | |
| Fortress | 1 | |
| Spirit Lodge | 1 | |
| Tauren Totem | 2 | |
18 total
» build order
00:36 Orc Burrow
00:52 Altar of Storms
01:13 Barracks
02:02 Orc Burrow
02:35 War Mill
03:03 Orc Burrow
04:11 Stronghold
04:19 Voodoo Lounge
04:43 Watch Tower
05:54 Orc Burrow
06:35 Fortress
06:43 Spirit Lodge
06:57 Orc Burrow
07:54 Watch Tower
09:19 Tauren Totem
09:26 Tauren Totem
10:43 Orc Burrow
11:56 Orc Burrow
» items
| Healing Salve | 1 | |
| Potion of Lesser Invulnerability | 1 | |
| Orb of Lightning | 1 | |
3 total
team 2 (loser)
HyunA.77 (
green | 60 APM | 706 actions | 11:42)
3 Demon Hunter
2 Immolation
1 Evasion
» actions
| Assign group hotkey | 3 | |
| Basic commands | 1 | |
| Build / train | 36 | |
| ESC pressed | 2 | |
| Enter build submenu | 18 | |
| Enter hero's abilities submenu | 3 | |
| Give item / drop item | 3 | |
| Right click | 310 | |
| Select / deselect | 178 | |
| Select group hotkey | 111 | |
| Use ability | 41 | |
706 total
» units
| Wisp | 15 | |
| Makrura Deepseer | 4 | |
| Dryad | 5 | |
24 total
» upgrades
| Ultravision | 1 | |
| Abolish Magic | 1 | |
2 total
» buildings
| Moon Well | 6 | |
| Altar of Elders | 1 | |
| Ancient of Wonders | 1 | |
| Hunter's Hall | 1 | |
| Tree of Ages | 1 | |
| Ancient Protector | 6 | |
| Tree of Eternity | 1 | |
| Ancient of Lore | 2 | |
19 total
» build order
00:36 Moon Well
00:55 Altar of Elders
01:13 Moon Well
01:16 Moon Well
02:20 Moon Well
02:26 Ancient of Wonders
02:30 Moon Well
03:08 Hunter's Hall
03:40 Tree of Ages
05:32 Ancient Protector
05:33 Ancient Protector
05:38 Ancient Protector
05:39 Ancient Protector
06:02 Ancient Protector
06:03 Tree of Eternity
06:08 Ancient Protector
06:51 Ancient of Lore
06:58 Ancient of Lore
10:46 Moon Well
» items
| Dust of Appearance | 1 | |
| Staff of Teleportation | 1 | |
| Scroll of Speed | 1 | |
| Staff of Preservation | 1 | |
4 total

»
BlzMef (
red | 28 APM | 320 actions | 11:32)
1 Blademaster
1 Wind Walk
» actions
| Build / train | 25 | |
| Enter build submenu | 17 | |
| Enter hero's abilities submenu | 1 | |
| Remove unit from queue | 3 | |
| Right click | 152 | |
| Select / deselect | 87 | |
| Use ability | 35 | |
320 total
» units
» buildings
| Altar of Storms | 1 | |
| Orc Burrow | 5 | |
| Voodoo Lounge | 1 | |
| Stronghold | 1 | |
| War Mill | 1 | |
| Watch Tower | 5 | |
| Fortress | 1 | |
| Tauren Totem | 2 | |
17 total
» build order
00:08 Altar of Storms
00:14 Orc Burrow
01:11 Voodoo Lounge
01:59 Orc Burrow
03:35 Stronghold
03:39 War Mill
03:49 Stronghold
03:53 Orc Burrow
04:58 Watch Tower
05:22 Orc Burrow
05:25 Watch Tower
06:23 Watch Tower
06:27 Watch Tower
07:31 Fortress
07:38 Orc Burrow
09:54 Tauren Totem
10:18 Tauren Totem
10:53 Watch Tower
» items
| Healing Salve | 2 | |
| Lesser Clarity Potion | 2 | |
| Scroll of Speed | 1 | |
| Scroll of Town Portal | 1 | |
6 total

»
Olimarz (
teal | 41 APM | 465 actions | 11:22)
2 Tauren Chieftain
1 Shockwave
1 Endurance Aura
» actions
| Basic commands | 27 | |
| Build / train | 27 | |
| ESC pressed | 1 | |
| Enter build submenu | 10 | |
| Enter hero's abilities submenu | 2 | |
| Right click | 203 | |
| Select / deselect | 145 | |
| Use ability | 50 | |
465 total
» units
» upgrades
| Melee Weapons | 1 | |
| Berserker Strength | 1 | |
2 total
» buildings
| Altar of Storms | 1 | |
| Orc Burrow | 4 | |
| Barracks | 1 | |
| Voodoo Lounge | 1 | |
| War Mill | 1 | |
| Stronghold | 1 | |
| Watch Tower | 2 | |
| Fortress | 1 | |
12 total
» build order
01:01 Altar of Storms
01:07 Orc Burrow
01:16 Barracks
02:20 Orc Burrow
02:40 Voodoo Lounge
03:32 War Mill
04:16 Stronghold
07:49 Orc Burrow
08:06 Watch Tower
08:10 Orc Burrow
08:19 Watch Tower
10:03 Fortress
» items
| Lesser Clarity Potion | 2 | |
| Scroll of Regeneration | 1 | |
3 total

»
WestDidntReset (
pink | 54 APM | 686 actions | 12:45)
3 Mountain King
2 Storm Bolt
1 Bash
» actions
| Assign group hotkey | 11 | |
| Basic commands | 5 | |
| Build / train | 36 | |
| Enter build submenu | 19 | |
| Enter hero's abilities submenu | 3 | |
| Right click | 233 | |
| Select / deselect | 199 | |
| Select group hotkey | 145 | |
| Use ability | 35 | |
686 total
» units
| Peasant | 10 | |
| Footman | 4 | |
| Gryphon Rider | 5 | |
19 total
» upgrades
| Swords | 2 | |
| Armor | 1 | |
| Storm Hammers | 1 | |
| Animal War Training | 1 | |
5 total
» buildings
| Altar of Kings | 1 | |
| Barracks | 1 | |
| Farm | 8 | |
| Scout Tower | 1 | |
| Arcane Tower | 1 | |
| Lumber Mill | 1 | |
| Arcane Vault | 1 | |
| Keep | 1 | |
| Blacksmith | 1 | |
| Gryphon Aviary | 2 | |
| Castle | 1 | |
19 total
» build order
00:07 Altar of Kings
00:11 Barracks
00:14 Farm
01:27 Scout Tower
02:01 Arcane Tower
02:10 Farm
02:52 Farm
02:55 Lumber Mill
03:25 Arcane Vault
03:32 Farm
03:33 Farm
04:06 Keep
05:34 Blacksmith
05:39 Farm
05:41 Farm
06:42 Gryphon Aviary
06:46 Gryphon Aviary
07:36 Castle
08:39 Farm
» items
| Scroll of Regeneration | 1 | |
| Scroll of Town Portal | 1 | |
| Potion of Healing | 2 | |
| Lesser Clarity Potion | 1 | |
5 total
Chat log
(00:15 / All) hurricannnnes: HOW DO I SAVE MY CHARACTER SO I DONT HAVE TO LEVEL IT UP AGAIN NEXT GAME????????????
(00:38 / Allies) WestDidntReset: yeah
(00:41 / Allies) WestDidntReset: I know
(00:43 / Allies) HyunA.77: YEAH
(00:47 / Allies) Olimarz: my b
(00:48 / Allies) HyunA.77: I K N O W
(00:55 / All) hurricannnnes: oh thats right, noone speaks english on lordaeron at this hour
(00:56 / Allies) BlzMef: its ok
(00:56 / All) hurricannnnes: mah bad
(00:57 / Allies) HyunA.77: my b
(01:04 / All) WestDidntReset: my allies are
(01:18 / All) hurricannnnes: lucky you, mine are being mute fucks so far
(01:31 / All) HyunA.77: tk them
(01:39 / All) hurricannnnes: cbf not worth it on lordaeron
(01:46 / All) BlzMef: scurrred.
(02:17 / Allies) Olimarz: all feed me
(03:18 / Allies) WestDidntReset: accidentl ping
(04:09 / All) BlzMef: r they rushing?
(04:14 / All) WestDidntReset: lol
(04:27 / Allies) WestDidntReset: Why don't you observe his double rax
(04:34 / Allies) WestDidntReset: and then decide if you should make zero units
(04:39 / Allies) BlzMef: lol
(04:53 / Allies) HyunA.77: tower up red
(07:03 / Allies) WestDidntReset: me and teal are the only ones who made a single unit
(07:58 / All) Olimarz: green is a pro
(11:05 / All) Olimarz: u must be pro blu
(11:23 / All) WestDidntReset: Yeah
(11:25 / All) WestDidntReset: This isn't going anywhere
(11:33 / All) hurricannnnes: lol reds hero is level 1?
(11:34 / All) hurricannnnes: wtf
(11:36 / All) WestDidntReset: Yeah
(11:39 / All) WestDidntReset: he ahsn't made any unit
(11:39 / All) HyunA.77: gg
(11:39 / All) WestDidntReset: At all
(11:43 / All) WestDidntReset: At any point
(11:50 / All) WestDidntReset: Green didn't either for the first 15 minutes
(11:51 / All) hurricannnnes: i hate that
(12:03 / All) WestDidntReset: teal at least made units depsite being afk at the start
(12:08 / All) hurricannnnes: you dont go straight to tauren on this map
(12:11 / All) hurricannnnes: unless you want to DIE